 Dungeon Crawl Stone Soup version 0.20-a0-901-g27f6fa8 (webtiles) character file.

38 BrendanD the Slasher (level 3, 0/43 HPs)
             Began as a Demonspawn Berserker on Mar 19, 2017.
             Was a Believer of Trog.
             Succumbed to an adder's poison
             ... on level 3 of the Dungeon.
             The game lasted 00:03:39 (1788 turns).

BrendanD the Slasher (Demonspawn Berserker)         Turns: 1788, Time: 00:03:40

Health: 0/43       AC:  2    Str: 23    XL:     3   Next: 25%
Magic:  3/3        EV: 12    Int:  8    God:    Trog [**....]
Gold:   107        SH:  0    Dex: 12    Spells: 2/2 levels left

rFire    . . .     SeeInvis .   a - +0 falchion
rCold    . . .     Gourm    .   b - +0 animal skin
rNeg     . . .     Faith    .   (no shield)
rPois    .         Spirit   .   (no helmet)
rElec    .         Reflect  .   (no cloak)
rCorr    .         Harm     .   (no gloves)
MR       .....                  (no boots)
Stlth    ..........             (no amulet)
Regen    0.2/turn               (no ring)
MPRegen  0.1/turn               (no ring)

@: berserking, lethally poisoned (0 -> -13), very quick
A: talons 2
a: Berserk, Trog's Hand, Burn Spellbooks, Renounce Religion


You were on level 3 of the Dungeon.
You worshipped Trog.
Trog was pleased with you.
You were near starving.

You visited 1 branch of the dungeon, and saw 3 of its levels.

You collected 107 gold pieces.

Inventory:

Hand Weapons
 a - a +0 falchion (weapon)
Missiles
 q - 7 curare-tipped needles
Armour
 b - a +0 animal skin (worn)
Jewellery
 o - a +6 amulet of reflection {unknown}
Scrolls
 d - a scroll of blinking {unknown}
 i - a scroll of enchant armour {unknown}
 k - a scroll of enchant weapon {unknown}
 m - a scroll of remove curse {unknown}
 p - a scroll of identify {unknown}
 r - a scroll of immolation {unknown}
 s - a scroll of noise {unknown}
Potions
 e - 3 potions of curing {unknown}
 f - 2 potions of haste {unknown}
 h - a potion of might {unknown}
 j - a potion of agility {unknown}
 n - a potion of cancellation {unknown}
Comestibles
 c - 3 bread rations
 g - 3 fruits
 l - a royal jelly
 t - a chunk of flesh


   Skills:
 - Level 3.0 Fighting
 + Level 4.0 Long Blades
 - Level 1.7 Armour
 - Level 1.7 Dodging


You had 2 spell levels left.
You didn't know any spells.

Dungeon Overview and Level Annotations

Branches:
Dungeon (3/15)

Altars:


Innate Abilities, Weirdness & Mutations

You have razor-sharp toenails.


Message History

You closely miss the adder. The adder bites you.
* * * LOW HITPOINT WARNING * * *
You are more poisoned.
The adder poisons you!
You closely miss the adder. You claw the adder, but do no damage.
You feel sick. The adder bites you.
* * * LOW HITPOINT WARNING * * *
You are lethally poisoned!
The adder poisons you! The adder bites you.
* * * LOW HITPOINT WARNING * * *
You are more poisoned.
The adder poisons you!
You closely miss the adder. Your kick misses the adder.
* * * LOW HITPOINT WARNING * * *
You feel sick. The adder bites you.
* * * LOW HITPOINT WARNING * * *
A red film seems to cover your vision as you go berserk!
You feel yourself moving faster!
You feel mighty!
You are near starving!
You die...

#..... .....
#.... #...#
#...#
######...
......S.#
########@##
.........>#
..#
########..#
..+ .........#
..# ########.#
#.# #.# #.#
#######.####.#
###.#
.............#
.##.#####
#######.###..#


You could see an adder.

Vanquished Creatures
  A dart slug (D:1)
  A leopard gecko (D:1)
  An orc (D:3)
  3 giant cockroaches
  3 goblins
  A hobgoblin (D:1)
  4 jackals
  4 kobolds
  6 bats
  A frilled lizard (D:2)
  8 rats
33 creatures vanquished.

Notes
Turn   | Place    | Note
-------+----------+-------------------------------------------
     0 | D:1      | BrendanD the Demonspawn Berserker began the quest for the Orb.
     0 | D:1      | Reached XP level 1. HP: 18/18 MP: 1/1
    88 | D:1      | Reached skill level 3 in Long Blades
   183 | D:1      | Gained mutation: You have sharp toenails. [demonic ancestry]
   183 | D:1      | Reached XP level 2. HP: 20/24 MP: 2/2
  1126 | D:2      | Gained mutation: You have razor-sharp toenails. [demonic ancestry]
  1126 | D:2      | Reached XP level 3. HP: 27/29 MP: 3/3
  1255 | D:2      | Reached ** piety under Trog
  1744 | D:3      | Reached skill level 4 in Long Blades
  1787 | D:3      | HP: 1/29 [adder (2)]
  1788 | D:3      | Succumbed to an adder's poison

Vault maps used:
D:1:      sevenhm_arrival_forest_fort_large_1, corexii_leaking_fountain
D:2:      first_bread, kennysheep_generic_room_13
D:3:      wad_lake_hut, minitemple, gup_sewer_entry_glass

Skill      XL: |  1  2  3 |
---------------+----------+-----
Long Blades    | 3 4 |  4.0
Fighting       | |  3.0
Armour         | |  1.7
Dodging        | |  1.7

Action                   || total
-------------------------++-------
Melee: Falchion          ||    92
       Kick              ||    17
Invok: Berserk           ||     3
 Stab: Sleeping          ||     1
  Eat: Chunk             ||     4
Armor: Animal skin       ||    26
Dodge: Dodged            ||    67
       Rpst.: Falchion   ||    16
